 Dungeon Crawl Stone Soup version 0.27-a0-1217-g8a41f320e8 (webtiles) character file.

Game seed: 4217758034545323875

216 Johnny the Magician (level 5, 0/32 HPs)
             Began as a Deep Elf Earth Elementalist on June 6, 2021.
             Succumbed to Crazy Yiuf's poison
             ... on level 3 of the Dungeon.
             The game lasted 00:02:47 (4536 turns).

Johnny the Magician (Deep Elf Earth Elementalist)   Turns: 4536, Time: 00:02:47

Health: 0/32       AC:  2    Str: 11    XL:     5   Next: 61%
Magic:  8/14       EV: 12    Int: 21    God:
Gold:   166        SH:  0    Dex: 15    Spells: 10/13 levels left

rFire    . . .     SeeInvis .   d - +0 dagger (venom)
rCold    . . .     Faith    .   (no shield)
rNeg     . . .     Spirit   .   c - +0 robe
rPois    .         Reflect  .   (no helmet)
rElec    .         Harm     .   (no cloak)
rCorr    .         Rampage  .   (no gloves)
Will     .....                  (no boots)
Stlth    ++........             (no amulet)
HPRegen  0.10/turn              j - +6 ring of strength
MPRegen  0.14/turn              (no ring)

@: lethally poisoned (0 -> -14)
A: no striking features
a: no special abilities


You were on level 3 of the Dungeon.
You visited 1 branch of the dungeon, and saw 3 of its levels.

You collected 166 gold pieces.

Inventory:

Hand Weapons
 d - a +0 dagger of venom (weapon)
Missiles
 b - 25 stones
 m - 2 throwing nets
Armour
 c - a +0 robe (worn)
Magical Staves
 o - a staff of earth
Jewellery
 j - a +6 ring of strength (left hand)
Wands
 h - a wand of iceblast (5)
Scrolls
 a - 7 scrolls of identify {unknown}
 f - a scroll of magic mapping {unknown}
 g - a scroll of fear {unknown}
 i - a scroll of silence {unknown}
 l - a scroll of blinking {unknown}
 r - a scroll of vulnerability {unknown}
Potions
 e - a potion of heal wounds
 k - a potion of mutation {unknown}
 n - 2 potions of flight {unknown}
 p - a potion of brilliance {unknown}
 q - a potion of berserk rage {unknown}


   Skills:
 * Level 3.1 Fighting
 - Level 2.4 Dodging
 - Level 2.4 Stealth
 + Level 4.6 Spellcasting
 - Level 1.1 Transmutations
 + Level 4.5 Earth Magic


You had 10 spell levels left.
You knew the following spells:

 Your Spells              Type           Power      Damage    Failure   Level
a - Sandblast             Erth           46%        2d11      1%          1
b - Passwall              Tmut/Erth      13%        N/A       5%          2

Your spell library contained the following spells:

 Spells                   Type           Power      Damage    Failure   Level
 Stone Arrow              Conj/Erth      28%        3d8       13%         3
 Petrify                  Tmut/Erth      16%        N/A       34%         4
 Lee's Rapid Deconstruct  Erth           11%        3d9*      43%         5


Dungeon Overview and Level Annotations

Branches:
Dungeon (3/15)

Altars:
Cheibriados
Kikubaaqudgha
Qazlal


Message History

Aim: Crazy Yiuf, wielding a +2 quarterstaff of chaos and wearing a +0 cloak (83% to hit)
The blast of sand hits Crazy Yiuf but does no damage.
Casting: Sandblast (safe; 1% risk of failure)
Confirm with . or Enter, or press ? or * to list all spells.
Aiming: Sandblast (safe; 1% risk of failure)
Press: ? - help, Shift-Dir - straight line, f/p - Crazy Yiuf
Aim: Crazy Yiuf, wielding a +2 quarterstaff of chaos and wearing a +0 cloak (83% to hit)
The blast of sand hits Crazy Yiuf!
Crazy Yiuf is moderately wounded.
Crazy Yiuf grits, "Liver!
Blight broken green."
Crazy Yiuf misses you.
Casting: Sandblast (safe; 1% risk of failure)
Confirm with . or Enter, or press ? or * to list all spells.
Aiming: Sandblast (safe; 1% risk of failure)
Press: ? - help, Shift-Dir - straight line, f/p - Crazy Yiuf
Aim: Crazy Yiuf, wielding a +2 quarterstaff of chaos and wearing a +0 cloak (moderately wounded, 83% to hit)
The blast of sand hits Crazy Yiuf.
Crazy Yiuf is heavily wounded.
Crazy Yiuf hits you with a +2 quarterstaff of chaos!
You are poisoned.
Casting: Sandblast (safe; 1% risk of failure)
Confirm with . or Enter, or press ? or * to list all spells.
Aiming: Sandblast (safe; 1% risk of failure)
Press: ? - help, Shift-Dir - straight line, f/p - Crazy Yiuf
Aim: Crazy Yiuf, wielding a +2 quarterstaff of chaos and wearing a +0 cloak (heavily wounded, 83% to hit)
The blast of sand hits Crazy Yiuf!
Crazy Yiuf is almost dead.
You feel very sick.
Crazy Yiuf hits you with a +2 quarterstaff of chaos!
* * * LOW HITPOINT WARNING * * *
Crazy Yiuf burns you.
* * * LOW HITPOINT WARNING * * *
Casting: Sandblast (safe; 1% risk of failure)
Confirm with . or Enter, or press ? or * to list all spells.
Aiming: Sandblast (safe; 1% risk of failure)
Press: ? - help, Shift-Dir - straight line, f/p - Crazy Yiuf
Aim: Crazy Yiuf, wielding a +2 quarterstaff of chaos and wearing a +0 cloak (almost dead, 83% to hit)
The blast of sand hits Crazy Yiuf.
You kill Crazy Yiuf!
You die...

##############
#.##....######
'............#
#.####### #
##.#########.# #.# #
##.# ### ### # ##.# #
...# ### ♣♣♣♣♣### #
#########.# ####
♣♣♣.♣....## ##
#........#
#...#♣..♣......## #.
##.#####..#
#..)@.♣♣♣♣......####.
...# #..# #)..#♣♣
♣♣.......... ...#
#..# #### ♣♣########.
...# #..# #. ##.#
#..# ## #.#
#..########## #.#
##.......##.# #.#
######..##.# #.#
##.##.# ####


There were no monsters in sight!

Vanquished Creatures
  A hound (D:3)
  Crazy Yiuf (D:3)
  An orc priest (D:3)
  2 orc wizards (D:3)
  3 adders
  A howler monkey skeleton (D:3)
  3 dart slugs
  2 orcs (D:3)
  4 endoplasms
  6 giant cockroaches
  6 hobgoblins
  8 jackals
  2 quokkas
  3 ball pythons
  3 bats
  3 frilled lizards
  5 goblins
  3 kobolds
  10 rats
67 creatures vanquished.

Notes
Turn   | Place    | Note
-------+----------+-------------------------------------------
     0 | D:1      | Johnny the Deep Elf Earth Elementalist began the quest for
                  | the Orb.
     0 | D:1      | Reached XP level 1. HP: 10/10 MP: 6/6
   231 | D:1      | Reached XP level 2. HP: 8/16 MP: 0/8
   459 | D:1      | Reached skill level 1 in Fighting
  1282 | D:1      | Reached XP level 3. HP: 20/20 MP: 9/9
  2723 | D:2      | Reached XP level 4. HP: 13/26 MP: 11/11
  3002 | D:2      | Found a faded altar of an unknown god.
  3302 | D:3      | Found a stormy altar of Qazlal.
  3553 | D:3      | Learned a level 2 spell: Passwall
  3622 | D:3      | Found a snail-covered altar of Cheibriados.
  3622 | D:3      | Found an ancient bone altar of Kikubaaqudgha.
  3749 | D:3      | Reached XP level 5. HP: 13/31 MP: 7/13
  4525 | D:3      | Found a runed translucent door.
  4526 | D:3      | Noticed Crazy Yiuf
  4536 | D:3      | Killed Crazy Yiuf
  4536 | D:3      | Succumbed to Crazy Yiuf's poison

Illustrated notes

Levels and vault maps discovered:
D:1:      lemuel_arrival_broad_hall, layout_basic
D:2:      layout_loops_ring, hellmonk_ecumenical_altar_heavens_door
D:3:      layout_basic, chequers_temple_overflow_statue_of_worship,
          lemuel_doored_altar, item_on_display_a, uniq_crazy_yiuf_cottage

Skill      XL: |  1  2  3  4  5 |
---------------+----------------+-----
Fighting       | 1 2 3 |  3.1
Spellcasting   | 4 |  4.6
Earth Magic    | 4 |  4.5
Dodging        | |  2.4
Stealth        | |  2.4
Transmutations | |  1.1

Action                   |  1- 3 |  4- 6 || total
-------------------------+-------+-------++-------
Melee: Unarmed           |     7 |       ||     7
       Dagger            |   118 |    32 ||   150
 Cast: Sandblast         |    21 |    23 ||    44
       Passwall          |       |     2 ||     2
  Use: Potion            |       |     1 ||     1
 Stab: Sleeping          |     3 |     3 ||     6
Armor: Robe              |    18 |     4 ||    22
Dodge: Dodged            |    91 |    25 ||   116

Table legend: (Time is in decaauts)
 A = Elapsed time spent in this place.
 B = Non-inter-level travel time spent in this place.
 C = Inter-level travel time spent in this place.
 D = Time resting spent in this place.
 E = Time spent auto-exploring this place.
 F = Levels seen in this place.
 G = Mean time per level.
                   A        B        C        D        E       F      G
               +--------+--------+--------+--------+--------+-----+--------+
         Total |   4534 |   4489 |     45 |    671 |   3359 |   3 | 1511.3 |
       Dungeon |   4534 |   4489 |     45 |    671 |   3359 |   3 | 1511.3 |
               +--------+--------+--------+--------+--------+-----+--------+

Top non-repeatable levels by time:
     D:1: 1623 daAuts
     D:2: 1469 daAuts
     D:3: 1441 daAuts
